 Dungeon Crawl Stone Soup version 0.30.1 (webtiles) character file.

Game seed: 11306978330614336925

821 Pepete the Magician (level 8, -4/58 HPs)
             Began as a Djinni Fire Elementalist on July 5, 2023.
             Was an Initiate of Gozag.
             Killed from afar by Dowan (20 damage)
             ... with a stone arrow
             ... on level 6 of the Dungeon.
             The game lasted 00:16:52 (9763 turns).

Pepete the Magician (Djinni Fire Elementalist)      Turns: 9763, Time: 00:16:52

Health: -4/58      AC:  3    Str:  5 (7)  XL:     8   Next: 16%
Gold:   470        EV: 13    Int: 18 (19) God:    Gozag SH:  0 Dex: 18 (20)

rFire   + + .        (no weapon)
rCold   x . .        (no shield)
rNeg    . . .        a - +0 robe
rPois   ∞            (no helmet)
rElec   .            (no cloak)
rCorr   .            h - +0 pair of gloves
SInv    .            (boots unavailable)
Will    .....        (no amulet)
Stlth   ++           q - +6 ring of dexterity
HPRegen 0.29/turn    (no ring)
MPRegen 0.00/turn

%: infuse magic (-5 HP)
@: brilliant, flying
A: sickness immunity, fire resistance 2, cold vulnerability 1, float, innate
caster, HP casting, extra vitality 1
a: Renounce Religion, Potion Petition, Call Merchant, Bribe Branch


You were on level 6 of the Dungeon.
You worshipped Gozag.
Gozag was aware of your devotion.
You visited 2 branches of the dungeon, and saw 7 of its levels.

You collected 549 gold pieces.
You paid 79 gold pieces to Gozag.

Inventory:

Armour
 a - a +0 robe (worn)
 h - a +0 pair of gloves (worn)
Jewellery
 q - a +6 ring of dexterity (left hand)
Wands
 w - a wand of iceblast (15)
Scrolls
 b - 2 scrolls of fog {unknown}
 d - a scroll of magic mapping
 f - 3 scrolls of identify
 m - 2 scrolls of enchant armour
 s - a scroll of amnesia
 v - a scroll of vulnerability {unknown}
Potions
 c - a potion of flight
 e - a potion of haste
 i - 4 potions of heal wounds
 j - 2 potions of brilliance
 k - a potion of curing
 l - a potion of ambrosia
 n - a potion of mutation
 p - a potion of cancellation


   Skills:
 + Level 3.9 Fighting
 + Level 3.9 Armour
 - Level 2.5 Dodging
 - Level 1.9 Stealth
 + Level 4.0 Spellcasting
 + Level 3.9 Invocations


You knew the following spells:

 Your Spells              Type           Power      Damage    Failure   Level
a - Foxfire               Conj/Fire      100%       2x1d9     2%          1
b - Scorch                Fire           54%        2d7       4%          2
c - Volatile Blastmotes   Fire/Tloc      54%        2d14      9%          3
d - Inner Flame           Hex/Fire       27%        N/A       9%          3
e - Flame Wave            Conj/Fire      27%        2d9       26%         4
f - Summon Small Mammal   Summ           100%       N/A       2%          1
g - Lesser Beckoning      Tloc           54%        N/A       4%          2
h - Frozen Ramparts       Ice            54%        1d9       9%          3
Your spell library was empty.

Dungeon Overview and Level Annotations

Branches:
Dungeon (6/15)             Temple (1/1) D:4

Altars:
Ashenzari
Dithmenos
Elyvilon
Gozag
Makhleb
Nemelex Xobeh
Qazlal
Ru
Trog
Uskayaw
Wu Jian
Xom
Zin
The Shining One

Shops:
D:3 (

Annotations:
D:6 Dowan


Innate Abilities, Weirdness & Mutations

You are immune to sickness and miasma.
You are immune to poison.
Your flesh is very heat resistant. (rF++)
You are vulnerable to cold. (rC-)
You float through the air rather than walking.
You learn spells naturally, not from books.
Your magical power is your life essence.
You have superior vitality. (+4 MHP)


Message History

Dowan misses you.
You release spores at Dowan.
Dowan is lightly wounded.
Dowan mumbles some strange words.
Dowan blinks!
You're too terrified to move while being watched!
You're too terrified to move while being watched!
You're too terrified to move while being watched!
Dowan gestures wildly while chanting.
Dowan blinks!
Dowan mumbles some strange words.
Dowan blinks!
You stop sporulating.
Your +0 pair of gloves unmelds from your body.
Your +0 robe unmelds from your body.
You start resting.
Dowan is nearby!
Dowan gestures wildly while chanting.
Dowan blinks!
Casting: Volatile Blastmotes (dangerous; 9% risk of failure)
Confirm with . or Enter, or press ? or * to list all spells.
You feel a surge of power!
A cloud of volatile blastmotes flares up around you!
Things that are here:
6 gold pieces; a +0 short sword; a +0 ring mail The cloud of blastmotes explodes!
The concussive blast engulfs Dowan!
Dowan is severely wounded.
Casting: Volatile Blastmotes (dangerous; 9% risk of failure)
Confirm with . or Enter, or press ? or * to list all spells.
You feel a surge of power!
A cloud of volatile blastmotes flares up around you!
Dowan points at you and mumbles some strange words.
The stone arrow misses you. Dowan casts a spell at you.
The shard of ice hits you!!
You feel a painful chill!
* * * LOW HITPOINT WARNING * * *
Dowan casts a spell at you. The stone arrow hits you!!
You die...
Your body crumbles into a pile of gold.

##.#.###......##e#
#......##.#
###......##.#
#........##.# #
#....#.####.#
#.#....#.)....# # #
#.#....+.)....#.#
......###......#.#
###.#..###..@.....#
........##......###
.........e§.#+#.#
######..###.#...#
.......###...#.#
#.#......##.....#
..
#.#.........#.### .
#.#...........# ##.
#.#.......#####


You could see Dowan (fast).

Vanquished Creatures
  Duvessa (D:6)
  2 ogres
  A centaur (D:5)
  4 orc priests
  2 hounds
  4 iguanas (D:5)
  A sleepcap (D:5)
  A mummy (D:5)
  5 adders
  A white imp (D:5)
  An ufetubus (D:5)
  A worm (D:2)
  3 dart slugs
  12 orcs
  6 ball pythons
  8 bats
  7 endoplasms
  4 giant cockroaches
  6 goblins
  3 hobgoblins (D:1)
  14 kobolds
  5 quokkas
  3 frilled lizards
  A hobgoblin zombie (D:5)
  2 kobold zombies (D:5)
  An orc zombie (D:5)
  7 rats
106 creatures vanquished.

Vanquished Creatures (collateral kills)
  9 foxfires (D:1)
9 creatures vanquished.

Vanquished Creatures (others)
  525 foxfires
525 creatures vanquished.

Grand Total: 640 creatures vanquished

Notes
Turn   | Place    | Note
-------+----------+-------------------------------------------
     0 | D:1      | Pepete the Djinni Fire Elementalist began the quest for the
                  | Orb.
     0 | D:1      | Pepete set off with the following spells memorised:
                  | Foxfire, Scorch, Volatile Blastmotes, Inner Flame, Flame
                  | Wave.
     0 | D:1      | Reached XP level 1. HP: 15/15 MP: 0/0
   275 | D:1      | Reached XP level 2. HP: 10/21 MP: 0/0
  1306 | D:1      | Reached XP level 3. HP: 25/26 MP: 0/0
  1306 | D:1      | Learned a level 1 spell: Summon Small Mammal
  1935 | D:2      | Reached skill level 1 in Fighting
  1960 | D:2      | Reached skill level 1 in Armour
  2112 | D:2      | Reached skill level 1 in Invocations
  2150 | D:2      | Reached XP level 4. HP: 29/32 MP: 0/0
  3829 | D:3      | Found Myph's Antique Weapon Emporium.
  3903 | D:3      | Found a shadowy altar of Dithmenos.
  4469 | D:3      | Reached XP level 5. HP: 34/37 MP: 0/0
  4469 | D:3      | Learned a level 2 spell: Lesser Beckoning
  4478 | D:3      | Reached skill level 3 in Spellcasting
  5321 | D:3      | Found a glowing silver altar of Zin.
  5601 | D:4      | Found a staircase to the Ecumenical Temple.
  5682 | Temple   | Entered the Ecumenical Temple
  5837 | Temple   | Became a worshipper of Gozag Ym Sagoz the Greedy
  6802 | D:4      | Reached XP level 6. HP: 40/43 MP: 0/0
  7522 | D:5      | Entered Level 5 of the Dungeon
  7564 | D:5      | Noticed an ogre
  7574 | D:5      | Killed an ogre
  8199 | D:5      | Reached XP level 7. HP: 22/50 MP: 0/0
  8199 | D:5      | Learned a level 3 spell: Frozen Ramparts
  9502 | D:6      | Reached XP level 8. HP: 52/58 MP: 0/0
  9635 | D:6      | Noticed Duvessa
  9639 | D:6      | Noticed Dowan
  9680 | D:6      | HP: 2/58 [Duvessa/+0 short sword (7)]
  9738 | D:6      | Killed Duvessa
  9739 | D:6      | Reached skill level 4 in Spellcasting
  9763 | D:6      | Killed from afar by Dowan

Illustrated notes

Levels and vault maps discovered:
D:1:      dpeg_arrival_triangle_fractal, layout_basic, serial_bayou,
          serial_bayou_crossing, serial_bayou_pond_e, serial_bayou_pond_a,
          serial_bayou_pond_e, serial_bayou_shore_b
D:2:      wander_river, layout_basic, kennysheep_big_empty_room
D:3:      layout_loops_ring, mainiacjoe_overflow_boulevard, lemuel_doored_altar,
          serial_shops, shop
D:4:      layout_loops_corners, minmay_temple_entry_proselytizer, minivault_11
D:5:      nicolae_BIG_FREAKIN_CUBE, layout_basic, minmay_mini_ossuary
D:6:      layout_basic, uniq_duvessa
Temple:   eino_narrow_crystal_temple

Skill      XL: |  1  2  3  4  5  6  7  8 |
---------------+-------------------------+-----
Fighting       | 1 2 3 |  3.9
Armour         | 1 2 3 |  3.9
Invocations    | 1 2 3 |  3.9
Spellcasting   | 3 4 |  4.0
Dodging        | |  2.5
Stealth        | |  1.9

Action                     |  1- 3 |  4- 6 |  7- 9 || total
---------------------------+-------+-------+-------++-------
  Melee: Unarmed           |    14 |    30 |     1 ||    45
         Punch             |       |     1 |       ||     1
   Cast: Foxfire           |   127 |   153 |    84 ||   364
         Scorch            |       |     9 |       ||     9
         Volatile Blastmot |       |     8 |     6 ||    14
    Use: Scroll            |       |     9 |     2 ||    11
         Potion            |       |     2 |     9 ||    11
   Stab: Sleeping          |       |     1 |       ||     1
 Armour: Robe              |    10 |    16 |       ||    26
         Skin              |       |       |     5 ||     5
  Dodge: Dodged            |    17 |    55 |    18 ||    90
